 Dungeon Crawl Stone Soup version 0.31.0-32-g396128a36d (webtiles) character file.

Game seed: 15223893901979733513

187307 BlackCrag the Severer (level 17, 0/159 HPs)
             Began as a Minotaur Fighter on Apr 5, 2024.
             Was a High Priest of the Shining One.
             Slain by a black mamba (2 damage)
             ... on level 2 of the Snake Pit on Apr 6, 2024.
             The game lasted 02:34:36 (29335 turns).

BlackCrag the Severer (Minotaur Fighter)           Turns: 29335, Time: 02:34:37

Health: 0/159      AC: 28    Str: 27    XL:     17   Next: 44%
Magic:  31/31      EV: 10    Int:  5    God:    the Shining One [*****.]
Gold:   1081       SH: 11    Dex: 18    Spells: 16/16 levels left

rFire   + . .        s - +8 whip "Snakebite" {venom, curare, rPois}
rCold   . . .        c - +3 warlock's mirror {omnireflect}
rNeg    + + .        z - +5 plate armour {rF+}
rPois   +            a - +1 hat
rElec   .            (no cloak)
rCorr   .            (no gloves)
SInv    .            K - +1 pair of boots {Stlth+}
Will    ++...        V - amulet of regeneration Stlth
                     l - ring of Kaxups {*Corrode Will+ MP+9 Dex+6}
HPRegen 1.26/turn    Q - ring of the Tortoise {AC+8}
MPRegen 0.22/turn

%: corrode self (3%), reflection
@: lethally poisoned (0 -> -30), corroded, slowed, glowing, very slow
A: horns 2, retaliatory headbutt
}: 1/15 runes: barnacled
a: Renounce Religion, Divine Shield, Cleansing Flame, Summon Divine Warrior


You were on level 2 of the Snake Pit.
You worshipped the Shining One.
The Shining One was extremely pleased with you.
You visited 6 branches of the dungeon, and saw 29 of its levels.
You also visited: Volcano.

You collected 3379 gold pieces.
You spent 2298 gold pieces at shops.

Inventory:

Hand Weapons
 s - the +8 whip "Snakebite" (weapon) {venom, curare, rPois}
   (You bought it in a shop on level 1 of the Orcish Mines)

   rPois:     It protects you from poison
 t - a +2 morningstar of holy wrath
 J - a +4 war axe of flaming
 T - the +3 falchion "Gaemoap" {venom, rPois rF+ Will+ Stlth+}
   (You found it on level 4 of the Shoals)

   rF+:       It protects you from fire.
   rPois:     It protects you from poison Will+: It increases your willpower.
   Stlth+:    It makes you more stealthy.
Missiles
 f - 12 boomerangs
 k - 14 javelins (quivered)
 N - 3 atropa-tipped darts
 W - 4 silver javelins
Armour
 a - a +1 hat (worn)
 c - the +3 warlock's mirror (worn) {omnireflect}
   (You took it off a merfolk on level 2 of the Shoals)

   Omnireflect: It can block and reflect piercing ranged attacks and magical
   attacks against the wielder's willpower.
 z - a +5 plate armour of fire resistance (worn)
 K - a +1 pair of boots of stealth (worn)
 Y - the +2 shield of Resistance {rF++ rC++ Will++}
   (You found it on level 9 of the Dungeon)

   rF++:      It greatly protects you from fire.
   rC++:      It greatly protects you from cold.
   Will++:    It greatly increases your willpower.
Jewellery
 e - a ring of poison resistance
 l - the ring of Kaxups (left hand) {*Corrode Will+ MP+9 Dex+6}
   (You found it on level 3 of the Shoals)

   [ring of magical power]

   Dex+6:     It affects your dexterity (+6).
   Will+:     It increases your willpower.
   MP+9:      It affects your magic capacity (+9).
   *Corrode:  It may corrode you when you take damage.
 B - a ring of ice
 C - a ring of protection from cold
 F - an amulet of reflection
 G - a ring of flight
 Q - the ring of the Tortoise (right hand) {AC+8}
   (You found it on level 4 of the Lair of Beasts)

   [ring of protection]

   AC+8:      It affects your AC (+8).
 R - a ring of protection from fire
 V - an amulet of regeneration (around neck)
Wands
 i - a wand of polymorph (7)
 r - a wand of quicksilver (13)
 D - a wand of paralysis (5)
 I - a wand of mindburst (8)
 S - a wand of iceblast (15)
 U - a wand of flame (12)
Scrolls
 j - 10 scrolls of fog
 m - 3 scrolls of butterflies
 n - 2 scrolls of revelation
 o - 10 scrolls of teleportation
 p - 3 scrolls of poison
 x - 3 scrolls of silence
 A - 3 scrolls of blinking
 M - 6 scrolls of fear
Potions
 b - 2 potions of haste
 d - 4 potions of might
 g - a potion of cancellation
 h - a potion of berserk rage
 u - 2 potions of mutation
 v - 7 potions of enlightenment
 w - 3 potions of resistance
 E - 6 potions of curing
 H - 3 potions of heal wounds
Miscellaneous
 y - a sack of spiders


   Skills:
 * Level 16.3 Fighting
 + Level 16.3(18.9) Axes
 * Level 15.8(18.6) Maces & Flails
 * Level 13.5 Throwing
 + Level 12.7 Armour
 + Level 4.8 Dodging
 + Level 0.7 Stealth
 + Level 14.5 Shields
 + Level 9.2 Invocations
 + Level 1.0 Evocations


You had 16 spell levels left.
You didn't know any spells.
Your spell library contained the following spells:

 Spells                   Type           Power      Damage    Failure   Level
 Apportation              Tloc           0%         N/A       99%         1
 Kiss of Death            Conj/Necr      0%         2d5       99%         1
 Magic Dart               Conj           0%         1d3       99%         1
 Slow                     Hex            0%         N/A       99%         1
 Summon Small Mammal      Summ           0%         N/A       99%         1
 Blink                    Tloc           0%         N/A       100%        2
 Call Imp                 Summ           0%         N/A       100%        2
 Cigotuvi's Dreadful Rot  Necr/Alch/Air  0%         N/A       100%        2
 Jinxbite                 Hex            0%         N/A       100%        2
 Lesser Beckoning         Tloc           0%         N/A       100%        2
 Searing Ray              Conj           0%         2d4       100%        2
 Static Discharge         Conj/Air       0%         3-3/arc   100%        2
 Confusing Touch          Hex            0%         N/A       100%        3
 Gell's Gravitas          Tloc           0%         N/A       100%        3
 Hailstorm                Conj/Ice       0%         3d5       100%        3
 Inner Flame              Hex/Fire       0%         N/A       100%        3
 Passwall                 Erth           0%         N/A       100%        3
 Sigil of Binding         Hex            0%         N/A       100%        3
 Summon Ice Beast         Ice/Summ       0%         N/A       100%        3
 Teleport Other           Tloc           0%         N/A       100%        3
 Tukima's Dance           Hex            0%         N/A       100%        3
 Vampiric Draining        Necr           0%         2d6       100%        3
 Airstrike                Air            0%         2d(0-16)  100%        4
 Animate Armour           Summ/Erth      0%         N/A       100%        4
 Cause Fear               Hex            0%         N/A       100%        4
 Dispel Undead            Necr           0%         3d6       100%        4
 Flame Wave               Conj/Fire      0%         2d4       100%        4
 Fulminant Prism          Conj/Alch      0%         3d5       100%        4
 Ignite Poison            Fire/Alch      0%         N/A       100%        4
 Leda's Liquefaction      Alch/Erth      0%         N/A       100%        4
 Manifold Assault         Tloc           0%         N/A       100%        4
 Petrify                  Alch/Erth      0%         N/A       100%        4
 Sticky Flame             Fire/Alch      0%         2d4       100%        4
 Summon Lightning Spire   Summ/Air       0%         N/A       100%        4
 Alistair's Intoxication  Alch           0%         N/A       100%        5
 Fireball                 Conj/Fire      0%         3d3       100%        5
 Freezing Cloud           Conj/Ice/Air   0%         6-21      100%        5
 Lee's Rapid Deconstruct  Erth           0%         3d4*      100%        5
 Silence                  Hex/Air        0%         N/A       100%        5
 Summon Mana Viper        Hex/Summ       0%         N/A       100%        5
 Yara's Violent Unravell  Hex/Alch       0%         3d3       100%        5
 Bombard                  Conj/Erth      0%         9d1       100%        6
 Dispersal                Tloc           0%         N/A       100%        6
 Sculpt Simulacrum        Ice/Alch       0%         N/A       100%        6
 Starburst                Conj/Fire      0%         6d3       100%        6
 Enfeeble                 Hex            0%         N/A       100%        7
 Disjunction              Tloc           0%         N/A       100%        8


Dungeon Overview and Level Annotations

Branches:
Dungeon (15/15)            Temple (1/1) D:5            Lair (5/5) D:9
 Shoals (4/4) Lair:2        Snake (2/4) Lair:3        Slime (0/5) Lair:4
    Orc (2/2) D:11            Elf (0/3) Orc:2        Vaults (0/5) D:14
 Depths (0/4) D:15        Volcano (visited)

Altars:
Ashenzari
Cheibriados
Dithmenos
Elyvilon
Fedhas
Gozag
Hepliaklqana
Kikubaaqudgha
Makhleb
Nemelex Xobeh
Okawaru
Qazlal
Ru
Sif Muna
Trog
Uskayaw
Vehumet
Wu Jian
Xom
Yredelemnul
Zin
The Shining One
Jiyva

Shops:
D:1 :*   D:2 =   Orc:1 [:(*   Orc:2 =(:?   Shoals:1 *   Shoals:4 ?

Annotations:
D:9 1 runed translucent door


Innate Abilities, Weirdness & Mutations

You have a pair of horns on your head.
You reflexively headbutt those who attack you in melee.


Message History

The black mamba closely misses you. You furiously retaliate!
You headbutt the black mamba, but do no damage.
You block the black mamba's attack.
The black mamba bites you but does no damage.
You hit the black mamba. You headbutt the black mamba!
The black mamba is almost dead.
You feel very sick. You block the shock serpent's attack.
The black mamba bites you but does no damage. x3
The naga sharpshooter gestures wildly while chanting.
The naga sharpshooter magically shoots an arrow.
The arrow hits you but does no damage.
You closely miss the black mamba.
The black mamba is almost dead.
You feel very sick. You block the black mamba's attack.
The black mamba bites you but does no damage. x2
The shock serpent bites you! The shock serpent shocks you!
Unknown command.
You feel very sick. The black mamba bites you.
Your corrosive artefact corrodes you!
You block the black mamba's attack. The black mamba barely misses you.
The shock serpent shoots out a bolt of lightning at you!
The bolt of electricity hits you! The bolt of electricity hits you!!
* * * LOW HITPOINT WARNING * * *
The bolt of electricity hits the shock serpent.
The shock serpent completely resists.
The black mamba bites you!
* * * LOW HITPOINT WARNING * * *
The black mamba bites you!
* * * LOW HITPOINT WARNING * * *
You are lethally poisoned!
You have difficulty breathing.
* * * LOW HITPOINT WARNING * * *
You feel as though you will be slow longer.
You block the black mamba's attack.
The shock serpent bites you but does no damage.
The black mamba barely misses you.
The black mamba bites you but does no damage.
The black mamba bites you.
You die...

#. # #..###
.###..
......###.....#
........S.....#
#@#
......SSS.....#
#.#.#.#.#.#.#..
....N.... #.#
#N# #.# ... ...
... #.# #.# #..
.. ((. ..


You could see a naga warrior, a naga sharpshooter (strong, curare), a shock
serpent and 3 black mambas.

Vanquished Creatures
  Mlioglotl (Lair:2)
  Rupert (Orc:2)
  The ghost of Plog the Severer, an adept MiFi of Okawaru (Shoals:3)
  Frances (D:12)
  Polyphemus (Shoals:2)
  Gastronok (Orc:1)
  Ilsuiw (Shoals:4)
  Aizul (Shoals:3)
  Agnes (D:14)
  A nagaraja (Snake:1)
  A frost giant (D:15)
  A very ugly thing (D:14)
  Azrael (D:14)
  5 merfolk javelineers (Shoals:4)
  2 fire dragons (D:9)
  4 merfolk impalers
  2 ice dragons (D:9)
  3 catoblepae
  8 hydras
  4 ogre magi
  2 anacondas (Snake:1)
  3 boulder beetles
  12 centaur warriors
  4 tengu warriors
  2 alligator snapping turtles
  Erica (D:11)
  2 merfolk avatars
  5 merfolk aquamancers
  6 death yaks
  A dancing weapon (Shoals:3)
  5 two-headed ogres
  5 satyrs
  3 naga warriors (Snake:1)
  A shock serpent (Snake:1)
  Nergalle (D:12)
  A hell knight (Volcano)
  2 naga sharpshooters (Snake:1)
  4 skysharks
  2 mana vipers (Snake:1)
  5 sea snakes
  A deep elf archer (D:14)
  A naga ritualist (Snake:1)
  14 harpies
  7 orc sorcerers (Orc:2)
  7 deep elf pyromancers
  15 fauns
  An oklob plant (Lair:5)
  16 ugly things
  An elephant (D:9)
  2 salamanders (Snake:1)
  9 cyclopes
  4 naga magi
  14 manticores
  Joseph (Lair:1)
  2 kobold blastminers (Orc:2)
  3 water nymphs
  14 black mambas
  2 gargoyles
  11 merfolk sirens
  2 torpor snails
  21 cane toads
  2 molten gargoyles (Volcano)
  2 unseen horrors
  6 yaktaurs
  Maggie (D:9)
  An efreet (D:14)
  3 rime drakes
  11 komodo dragons
  8 wind drakes
  2 tengu conjurers
  A troll (shapeshifter) (D:14)
  A polar bear (Lair:1)
  5 trolls
  7 snapping turtles
  3 tyrant leeches (Lair:5)
  28 merfolk
  2 hornets
  21 blink frogs
  2 dream sheep (Shoals:3)
  4 slime creatures (D:14)
  The ghost of arvianne the Sneak, an amateur KoBr (D:4)
  2 shadows
  2 wraiths (D:11)
  A fire bat (Volcano)
  19 water elementals
  2 fire elementals (D:14)
  A golden eye (shapeshifter) (D:14)
  2 basilisks
  2 wyverns (Lair:1)
  2 steam dragons
  59 yaks
  3 wargs
  9 vampire mosquitoes
  Menkaure (D:7)
  3 acid dragons
  6 nagas (Snake:1)
  3 hell hounds (D:14)
  11 water moccasins
  An ice beast (D:6)
  7 orc warriors
  A sky beast (D:7)
  8 black bears
  9 centaurs
  12 ogres
  25 wolves
  3 phantoms
  A kobold brigand (D:6)
  20 bullfrogs
  8 scorpions
  3 wights (D:9)
  2 electric eels (Lair:5)
  8 howler monkeys
  6 lava snakes (Volcano)
  4 bombardier beetles
  2 quasits (D:4)
  12 orc priests
  5 hounds
  9 jellies
  2 gnoll boudas
  3 iguanas (D:5)
  A sleepcap (D:4)
  34 orc wizards
  10 gnolls
  6 adders
  A shadow imp (D:6)
  2 white imps
  A ribbon worm (D:2)
  A dart slug (D:1)
  49 orcs
  2 ball pythons (D:4)
  5 endoplasms
  6 giant cockroaches
  3 goblins
  5 hobgoblins
  2 jackals (D:4)
  8 kobolds
  6 quokkas
  5 bats
  3 frilled lizards (D:1)
  7 rats
803 creatures vanquished.

Vanquished Creatures (collateral kills)
  Louise (Lair:2)
  A snapping turtle (Lair:2)
2 creatures vanquished.

Vanquished Creatures (others)
  A merfolk aquamancer (Shoals:4)
  A merfolk (Shoals:4)
2 creatures vanquished.

Grand Total: 807 creatures vanquished

Notes
Turn   | Place    | Note
-------+----------+-------------------------------------------
     0 | D:1      | BlackCrag the Minotaur Fighter began the quest for the Orb.
     0 | D:1      | Reached XP level 1. HP: 19/19 MP: 0/0
    42 | D:1      | Found Ycag's Assorted Antiques.
   145 | D:1      | Reached XP level 2. HP: 27/27 MP: 1/1
   576 | D:1      | Found Qutiusitub's Book Shop.
   775 | D:2      | Reached XP level 3. HP: 33/33 MP: 2/2
   812 | D:2      | Found Buupeb's Jewellery Shop.
  1260 | D:3      | Reached skill level 1 in Throwing
  1369 | D:3      | Reached skill level 1 in Dodging
  1369 | D:3      | Reached XP level 4. HP: 19/40 MP: 3/3
  1918 | D:4      | Noticed a scorpion
  1922 | D:4      | Killed a scorpion
  1923 | D:4      | Reached XP level 5. HP: 36/47 MP: 4/4
  2087 | D:4      | Noticed an ogre
  2092 | D:4      | Killed an ogre
  2093 | D:4      | Reached skill level 5 in Maces & Flails
  2093 | D:4      | Reached XP level 6. HP: 28/53 MP: 5/5
  2288 | D:4      | Reached skill level 5 in Armour
  2310 | D:4      | Reached skill level 5 in Fighting
  2496 | D:4      | Found a transporter.
  2499 | D:4      | Noticed arvianne's ghost (amateur KoBr)
  2519 | D:4      | Found a transporter.
  3120 | D:5      | Entered Level 5 of the Dungeon
  3153 | D:5      | Found a staircase to the Ecumenical Temple.
  3163 | Temple   | Entered the Ecumenical Temple
  3172 | Temple   | Became a worshipper of the Shining One
  3202 | D:5      | Reached XP level 7. HP: 56/61 MP: 6/6
  4135 | D:6      | Reached XP level 8. HP: 69/70 MP: 7/7
  4438 | D:6      | Found an ancient bone altar of Kikubaaqudgha.
  4536 | D:6      | Found a shimmering altar of Xom.
  4730 | D:6      | Reached skill level 5 in Shields
  4802 | D:6      | Noticed a hornet
  4807 | D:6      | Killed a hornet
  5213 | D:4      | Reached XP level 9. HP: 76/78 MP: 8/8
  5221 | D:4      | Killed arvianne's ghost
  5275 | D:7      | Reached * piety under the Shining One
  5859 | D:7      | Noticed Menkaure
  5864 | D:7      | Killed Menkaure
  5865 | D:7      | Reached skill level 10 in Maces & Flails
  6304 | D:8      | Reached skill level 5 in Throwing
  6662 | D:9      | Noticed a two-headed ogre
  6667 | D:9      | Killed a two-headed ogre
  6668 | D:9      | Reached XP level 10. HP: 90/90 MP: 9/9
  7108 | D:9      | Found a runed translucent door.
  7110 | D:9      | Noticed an ice dragon
  7110 | D:9      | Found the +2 shield of Resistance {rF++ rC++ Will++}
  7112 | D:9      | Reached ** piety under the Shining One
  7113 | D:9      | Noticed a fire dragon
  7113 | D:9      | Noticed a fire dragon
  7113 | D:9      | Noticed an ice dragon
  7124 | D:9      | Found a runed translucent door.
  7133 | D:9      | Found a stormy altar of Qazlal.
  7139 | D:9      | Found a basalt altar of Yredelemnul.
  7140 | D:9      | Found a glowing silver altar of Zin.
  7141 | D:9      | Found an opulent altar of Gozag.
  7141 | D:9      | Found a white marble altar of Elyvilon.
  7166 | D:9      | Paralysed by a hornet for 3 turns
  7351 | D:9      | Found a staircase to the Lair.
  7351 | D:9      | Noticed an elephant
  7362 | D:9      | Killed an elephant
  7810 | D:10     | Entered Level 10 of the Dungeon
  7825 | D:10     | Reached XP level 11. HP: 97/97 MP: 10/10
  8309 | Lair:1   | Entered Level 1 of the Lair of Beasts
  8561 | Lair:1   | Reached skill level 10 in Fighting
  8642 | Lair:1   | Noticed Joseph
  8653 | Lair:1   | Noticed Maggie
  8856 | Lair:1   | Killed Joseph
  8862 | D:9      | Killed Maggie
  9310 | Lair:1   | Reached skill level 1 in Axes
  9324 | Lair:1   | Reached XP level 12. HP: 74/107 MP: 11/11
  9501 | Lair:1   | Reached *** piety under the Shining One
 10002 | Lair:2   | Reached skill level 1 in Invocations
 10155 | Lair:2   | Reached skill level 5 in Axes
 10582 | Lair:2   | Found a staircase to the Shoals.
 11716 | Lair:3   | Noticed a catoblepas
 11726 | Lair:3   | Killed a catoblepas
 12541 | Lair:3   | Found a staircase to the Snake Pit.
 13082 | Lair:4   | Reached XP level 13. HP: 114/116 MP: 14/14
 13143 | Lair:4   | Found a viscous altar of Jiyva.
 13165 | Lair:4   | Found a staircase to the Slime Pits.
 13175 | Lair:4   | Found the ring of the Tortoise {AC+8}
 13663 | Lair:4   | Found a dark tunnel.
 13672 | Volcano  | Entered a volcano
 13905 | Volcano  | Found a burning altar of Makhleb.
 14232 | Volcano  | Reached skill level 10 in Axes
 14607 | Lair:5   | Entered Level 5 of the Lair of Beasts
 14615 | Lair:5   | Reached skill level 10 in Shields
 14759 | Lair:5   | Reached **** piety under the Shining One
 14779 | Lair:5   | Reached skill level 5 in Invocations
 14784 | Lair:5   | Reached skill level 10 in Throwing
 15234 | Lair:5   | Reached XP level 14. HP: 50/127 MP: 17/17
 16374 | Lair:5   | Got the Anthology of the Grey Pyre
 16377 | Lair:5   | Identified the +6 great mace "Thing" {vamp, rN+}
 17072 | D:11     | Reached ***** piety under the Shining One
 17130 | D:11     | Noticed Erica
 17135 | D:11     | Killed Erica
 17356 | D:11     | Found a staircase to the Orcish Mines.
 17687 | D:12     | Identified the +0 chain mail of Ameidon {rN+ Will+ MP+9
                  | Dex+3}
 17802 | D:12     | Reached skill level 10 in Armour
 18053 | D:12     | Noticed Nergalle
 18064 | D:12     | Killed Nergalle
 18090 | D:12     | Noticed Frances
 18098 | D:12     | Killed Frances
 19273 | D:14     | Found a glowing golden altar of the Shining One.
 19346 | D:14     | You fall into a shaft and drop 1 floor!
 19346 | D:15     | Entered Level 15 of the Dungeon
 19419 | D:14     | Noticed Azrael
 19444 | D:14     | Killed Azrael
 19518 | D:14     | Noticed a red very ugly thing
 19531 | D:14     | Killed a cyan very ugly thing
 19539 | D:14     | Noticed Agnes
 19546 | D:14     | Killed Agnes
 19634 | D:14     | Reached XP level 15. HP: 136/136 MP: 19/19
 20086 | D:14     | Found a gate to the Vaults.
 20355 | D:15     | Reached skill level 15 in Axes
 20367 | D:15     | Found a hide-covered altar of Uskayaw.
 20572 | D:15     | Found a staircase to the Depths.
 20572 | D:15     | Noticed a frost giant
 20672 | D:15     | Killed a frost giant
 21631 | Orc:1    | Entered Level 1 of the Orcish Mines
 21674 | Orc:1    | Found Fiostrus's Book Shoppe.
 21804 | Orc:1    | Found Giympier's Antique Weapon Boutique.
 21807 | Orc:1    | Bought the +8 whip "Snakebite" {venom, curare, rPois} for
                  | 1409 gold pieces
 21807 | Orc:1    | Found the +8 whip "Snakebite" {venom, curare, rPois}
 21849 | Orc:1    | Found Ymievade's General Store.
 21858 | Orc:1    | Bought a potion of heal wounds for 65 gold pieces
 21858 | Orc:1    | Bought a scroll of enchant armour for 97 gold pieces
 21858 | Orc:1    | Bought a potion of curing for 39 gold pieces
 22145 | Orc:1    | Noticed Gastronok
 22158 | Orc:1    | Killed Gastronok
 22217 | Orc:2    | Entered Level 2 of the Orcish Mines
 22290 | Orc:2    | Noticed Rupert
 22318 | Orc:2    | Killed Rupert
 22472 | Orc:2    | Found a staircase to the Elven Halls.
 22499 | Orc:1    | Found Recs's Armour Emporium.
 22925 | Orc:2    | Found Jufimud's Magic Scroll Shop.
 22949 | Orc:2    | Bought a scroll of butterflies for 48 gold pieces
 22949 | Orc:2    | Bought a scroll of identify for 24 gold pieces
 22949 | Orc:2    | Bought a scroll of blinking for 90 gold pieces
 22955 | Orc:2    | Bought a scroll of blinking for 90 gold pieces
 22989 | Orc:2    | Found a radiant altar of Vehumet.
 23014 | Orc:2    | Found Buirhuz's Antique Weapon Boutique.
 23118 | Orc:2    | Found an ancient bone altar of Kikubaaqudgha.
 23151 | Orc:2    | Found Fom Mui's Book Boutique.
 23164 | Orc:2    | Found Kulier's Jewellery Shop.
 23499 | Shoals:1 | Entered Level 1 of the Shoals
 23499 | Shoals:1 | Noticed Louise
 23614 | Shoals:1 | Noticed Mlioglotl
 23649 | Lair:2   | Killed Mlioglotl
 23760 | Lair:2   | Killed Louise
 23922 | Shoals:1 | Reached XP level 16. HP: 131/147 MP: 21/21
 24055 | Shoals:1 | Found Doonar's General Store.
 24063 | Shoals:1 | Bought a scroll of identify for 40 gold pieces
 24065 | Shoals:1 | Bought a scroll of identify for 40 gold pieces
 24797 | Shoals:2 | Noticed Polyphemus
 24865 | Shoals:2 | Killed Polyphemus
 24900 | Shoals:2 | Reached skill level 15 in Maces & Flails
 25182 | Shoals:2 | Reached skill level 15 in Fighting
 25931 | Shoals:3 | Identified the serpent talisman "Vejoni" {SInv}
 25931 | Shoals:3 | Noticed Aizul
 25965 | Shoals:3 | Killed Aizul
 26097 | Shoals:3 | Identified the +4 long sword of Sin {flame, Int+4 Dex+3}
 26245 | Shoals:3 | Found a runed translucent door.
 26245 | Shoals:3 | Found a shimmering altar of Xom.
 26245 | Shoals:3 | Noticed Plog's ghost (adept MiFi)
 26292 | Shoals:3 | Killed Plog's ghost
 26299 | Shoals:3 | Identified the ring of Kaxups {*Corrode Will+ MP+9 Dex+6}
 27118 | Shoals:4 | Entered Level 4 of the Shoals
 27202 | Shoals:4 | Identified the +3 falchion "Gaemoap" {venom, rPois rF+
                  | Will+ Stlth+}
 27451 | Shoals:4 | Reached XP level 17. HP: 158/158 MP: 22/22
 27469 | Shoals:4 | Found Tetriuwa's Magic Scroll Emporium.
 27477 | Shoals:4 | Bought a scroll of identify for 34 gold pieces
 27478 | Shoals:4 | Bought a scroll of identify for 34 gold pieces
 27478 | Shoals:4 | Bought a scroll of enchant weapon for 127 gold pieces
 27478 | Shoals:4 | Bought a scroll of silence for 161 gold pieces
 27563 | Shoals:4 | Got the Vellum of the Weaver
 27756 | Shoals:4 | Got a barnacled rune of Zot
 27875 | Shoals:4 | Noticed Ilsuiw
 28113 | Shoals:4 | Killed Ilsuiw
 28122 | Shoals:4 | Reached skill level 1 in Evocations
 28264 | Shoals:4 | Got the Compendium of the Evil Eye and the Congregation
 28635 | Snake:1  | Entered Level 1 of the Snake Pit
 29335 | Snake:2  | HP: 2/159 [asphyx]
 29335 | Snake:2  | Slain by a black mamba

Illustrated notes

Levels and vault maps discovered:
D:1:      minmay_arrival_cross, layout_basic, serial_shops, shop,
          nicolae_square_shop, minmay_cut_off
D:2:      layout_basic, serial_shops, nicolae_shop_waterfront
D:3:      layout_rooms
D:4:      layout_basic, gammafunk_ghost_stat_death,
          minmay_fractal_squares_diagonal_5
D:5:      kb_forest_paths, layout_basic, minmay_temple_entry_mist,
          nicolae_zig_zag_zippers
D:6:      layout_gridville, mainiacjoe_overflow_large_starburst, kennysheep_nub
D:7:      layout_loops_ring, uniq_menkaure
D:8:      layout_gridville, corner_web_ring, kennysheep_another_room
D:9:      layout_basic, grunt_temple_overflow_open,
          grunt_lair_entry_orc_guard_hut, minmay_guarded_unrand_resistance
D:10:     layout_rooms
D:11:     layout_irregular_city, david_orc_1_choice, uniq_erica
D:12:     layout_loops_ring, uniq_nergalle, uniq_frances
D:13:     layout_loops_cross, kb_tengu_band
D:14:     layout_basic, hangedman_vaults_entry_quadrant_bands, tso_altar,
          nicolae_tricolors, uniq_agnes, uniq_azrael
D:15:     grunt_enter_depths_snipers, layout_basic, nicolae_uskayaw_suspiria,
          corexii_leaking_fountain
Temple:   hellmonk_temple_two_chambers
Lair:1:   layout_loops_ring, uniq_maggie, uniq_joseph
Lair:2:   layout_regular_city, elwin_shoals_entry_stream, serial_forest,
          infiniplex_forest_straight_4, infiniplex_forest_straight_2,
          infiniplex_forest_end_double, infiniplex_forest_lined_corner,
          infiniplex_forest_clump_large, infiniplex_forest_zigzag_1,
          infiniplex_forest_end_3, infiniplex_forest_straight_3,
          infiniplex_forest_clump_large, serial_bayou_shore_b
Lair:3:   layout_layer_cave, dummy_snake_entry, beast_lair_carwin_10
Lair:4:   layout_cave_shapes, nicolae_slime_entry_field_trip, enter_volcano_2,
          st_stairs_7
Lair:5:   minmay_lair_end_frog_pond, layout_gridlike
Shoals:1: layout_shoals, serial_shops, shop, uniq_louise, uniq_mlioglotl
Shoals:2: layout_shoals, uniq_polyphemus
Shoals:3: layout_shoals, ebering_ghost_xom, uniq_aizul
Shoals:4: shoals_end_grunt_garden, layout_shoals, shoals_ilsuiw_ice,
          serial_shops, shop
Snake:1:  layout_grid_shapes
Snake:2:  layout_gridlike, st_stairs_11, serial_bayou_shore_b, uniq_vashnia,
          uniq_saint_roka, uniq_donald
Orc:1:    minmay_goldmine, layout_diamond_mine, serial_shops,
          nicolae_shop_tiny_real_fake_doors, nicolae_shop_hallway_plus,
          shop_fountains, nicolae_shop_pleasant_corner_grove,
          nicolae_diamond_shop, nicolae_orc_takin'_care_of_business,
          uniq_gastronok
Orc:2:    kennysheep_orc_mage_school, layout_caves, basic_altar, uniq_rupert

Skill      XL: |  1  2  3  4  5  6  7  8  9 10 11 12 13 14 15 16 17 |
---------------+----------------------------------------------------+-----
Armour         | 4 5 6 7 8 9 10 11 12 | 12.7
Fighting       | 4 5 6 8 9 10 11 12 13 14 15 16 | 16.3
Maces & Flails | 3 4 5 6 7 9 11 12 14 15 | 15.8
Throwing       | 1 2 4 5 6 8 9 10 11 12 13 | 13.5
Dodging        | 1 2 3 4 |  4.8
Shields        | 4 5 6 8 9 10 11 12 13 14 | 14.5
Axes           | 1 8 12 14 15 16 | 16.3
Invocations    | 3 5 6 8 9 |  9.2
Evocations     | 1 |  1.0
Stealth        | |  0.7

Action                     |  1- 3 |  4- 6 |  7- 9 | 10-12 | 13-15 | 16-18 || total
---------------------------+-------+-------+-------+-------+-------+-------++-------
  Melee: Flail             |    89 |    74 |   250 |   194 |       |       ||   607
         Headbutt          |     9 |    15 |    57 |   121 |   323 |   273 ||   798
         War axe           |       |       |       |   233 |   743 |   247 ||  1223
         Whip              |       |       |       |       |   269 |   458 ||   727
         Morningstar       |       |       |       |       |       |    14 ||    14
  Throw: Dart              |     6 |       |       |       |    17 |       ||    23
         Javelin           |       |    12 |     3 |    39 |    33 |    17 ||   104
         Boomerang         |       |     1 |    47 |    78 |    94 |   109 ||   329
 Invoke: Divine Shield     |       |       |       |     2 |    10 |     9 ||    21
         Cleansing Flame   |       |       |       |       |     1 |     2 ||     3
         Summon Divine War |       |       |       |       |     1 |       ||     1
  Evoke: Wand              |       |       |       |       |    11 |     5 ||    16
    Use: Scroll            |     2 |       |     7 |     6 |    13 |    10 ||    38
         Potion            |       |       |       |     2 |     4 |     5 ||    11
 Armour: Scale mail        |    49 |    46 |   113 |       |       |       ||   208
         Plate armour      |       |       |    19 |    40 |   540 |   543 ||  1142
         Ring mail         |       |       |       |   116 |    36 |       ||   152
  Dodge: Dodged            |    53 |    40 |    58 |   122 |   144 |   135 ||   552
  Block: Buckler           |    19 |    18 |       |       |       |     8 ||    45
         Tower shield      |       |     3 |   160 |   511 |   664 |       ||  1338
         Reflection        |       |       |       |     4 |    10 |       ||    14
         Kite shield       |       |       |       |       |   139 |   428 ||   567
